 Dungeon Crawl Stone Soup version 0.29-a0-520-gc852659d43 (webtiles) character file.

Game seed: 7611869486101089783

903 ders the Magician (level 8, -3/50 HPs)
             Began as a Djinni Conjurer on May 31, 2022.
             Was an Initiate of Ashenzari.
             Killed by divine providence
             ... invoked by an orc priest
              (11 damage)
             ... on level 5 of the Dungeon.
             The game lasted 00:06:29 (5638 turns).

ders the Magician (Djinni Conjurer)                 Turns: 5638, Time: 00:06:29

Health: -3/50      AC:  3    Str:  6    XL:     8   Next: 29%
Gold:   179        EV: 12    Int: 28    God:    Ashenzari [......] SH:  0 Dex: 12

rFire   + + .      SeeInvis .   (no weapon)
rCold   x . .      Faith    .   (no shield)
rNeg    . . .      Spirit   .   a - +0 robe
rPois   ∞          Reflect  .   t - +0 helmet
rElec   .          Harm     .   (no cloak)
rCorr   +          Rampage  .   (no gloves)
Will    .....                   (boots unavailable)
Stlth   ++........              (no amulet)
HPRegen 0.16/turn               e - ring of resist corrosion
MPRegen 0.00/turn               s - +6 ring of intelligence

@: flying
A: sickness immunity, fire resistance 2, cold vulnerability 1, float, innate
caster, HP casting, extra vitality 1
a: Renounce Religion, Curse Item


You were on level 5 of the Dungeon.
You worshipped Ashenzari.
Ashenzari was noncommittal.
You visited 1 branch of the dungeon, and saw 5 of its levels.

You collected 179 gold pieces.

Inventory:

Armour
 a - a +0 robe (worn)
 t - a +0 helmet (worn)
Jewellery
 e - a ring of resist corrosion (left hand)
 o - a ring of wizardry
 s - a +6 ring of intelligence (right hand)
Wands
 p - a wand of digging (4)
Scrolls
 b - 2 scrolls of enchant armour {unknown}
 c - a scroll of amnesia {unknown}
 d - 2 scrolls of immolation {unknown}
 g - 8 scrolls of identify {unknown}
 k - a scroll of teleportation {unknown}
 l - a scroll of fog {unknown}
 m - 3 scrolls of poison {unknown}
 n - a scroll of magic mapping {unknown}
 q - a scroll of enchant weapon {unknown}
 w - a scroll of silence {unknown}
Potions
 f - 2 potions of curing
 h - a potion of haste {unknown}
 i - a potion of attraction {unknown}
 j - a potion of brilliance {unknown}
 r - a potion of heal wounds {unknown}
 u - a potion of might {unknown}
 v - a potion of flight {unknown}


   Skills:
 - Level 2.1 Dodging
 - Level 1.5 Stealth
 + Level 7.6 Spellcasting


You had 2 spell levels left.
You knew the following spells:

 Your Spells              Type           Power      Damage    Failure   Level
a - Magic Dart            Conj           100%       1d8       1%          1
b - Scorch                Fire           100%       2d10      1%          2
c - Dazzling Flash        Conj/Hex       100%       N/A       1%          3
d - Fulminant Prism       Conj/Hex       26%        3d14      2%          4
e - Iskenderun's Mystic   Conj/Tloc      52%        2d11      2%          4
f - Shock                 Conj/Air       100%       1d9       1%          1
g - Searing Ray           Conj           100%       2d8       1%          2
h - Tukima's Dance        Hex            52%        N/A       1%          3
Your spell library was empty.

Dungeon Overview and Level Annotations

Branches:
Dungeon (5/15)
 Temple: D:4-7

Altars:
Ashenzari
Makhleb
Ru
Zin

Shops:
D:2 (


Innate Abilities, Weirdness & Mutations

You are immune to sickness and miasma.
You are immune to poison.
Your flesh is very heat resistant. (rF++)
You are vulnerable to cold. (rC-)
You float through the air rather than walking.
You learn spells naturally, not from books.
Your magical power is your life essence.
You have superior vitality. (+4 MHP)


Message History

The scorpion stings you.
* * * LOW HITPOINT WARNING * * *
The scorpion attacks as you move away! The scorpion completely misses you.
You feel better. The scorpion stings you.
* * * LOW HITPOINT WARNING * * *
Casting: Iskenderun's Mystic Blast (dangerous; 2% risk of failure)
Confirm with . or Enter, or press ? or * to list all spells.
You erupt in a blast of force!
The mystic blast hits the orc!
You kill the orc!
The mystic blast hits the scorpion.
The scorpion is moderately wounded.
The scorpion is knocked back by the mystic blast.
* * * LOW HITPOINT WARNING * * *
The sentinel's mark upon you fades away.
Casting: Iskenderun's Mystic Blast (dangerous; 2% risk of failure)
Confirm with . or Enter, or press ? or * to list all spells.
You erupt in a blast of force!
The mystic blast hits the scorpion!
The scorpion is almost dead.
The scorpion is knocked back by the mystic blast.
The scorpion slams into the rock wall!
You kill the scorpion!
* * * LOW HITPOINT WARNING * * *
Casting: Iskenderun's Mystic Blast (dangerous; 2% risk of failure)
Confirm with . or Enter, or press ? or * to list all spells.
You erupt in a blast of force!
The mystic blast hits the orc priest!
The orc priest is severely wounded.
The orc priest is knocked back by the mystic blast.
The orc priest slams into the rock wall!
The orc priest is almost dead.
* * * LOW HITPOINT WARNING * * *
The orc priest invokes the aid of Beogh against you.
Pain shoots through your body!
* * * LOW HITPOINT WARNING * * *
Casting: Iskenderun's Mystic Blast (dangerous; 2% risk of failure)
Confirm with . or Enter, or press ? or * to list all spells.
You don't have enough health to cast this spell.
You feel better.
The orc priest invokes the aid of Beogh against you.
Beogh smites you!
You die...

................######
c.....#.##...#..#####
...#..###....#..##..## . #
#............## #
......#####......#
#...##### #####..## #.
+...# ##.##### #####..##
####.)...#####@.....####
.......†...ooo..##......##
.........)..##.##........#
............#..##..##..###
............#...#...#..#
.......................#
...........##..........##
.....>...........##....<#
................#...#..#


You could see an orc priest, an orc wizard and an orc.

Vanquished Creatures
  An ice beast (D:4)
  A centaur (D:5)
  A bullfrog (D:4)
  2 scorpions
  A jelly (D:5)
  3 orc priests (D:4)
  3 hounds
  2 iguanas (D:5)
  4 orc wizards
  Robin (D:2)
  6 adders
  3 worms
  27 orcs
  8 ball pythons
  6 bats
  3 endoplasms
  6 giant cockroaches
  17 goblins
  7 hobgoblins
  4 jackals (D:1)
  4 quokkas
  A frilled lizard (D:2)
  5 kobolds
  2 rats (D:1)
118 creatures vanquished.

Vanquished Creatures (others)
  7 fulminant prisms
  12 plants (D:4)
19 creatures vanquished.

Grand Total: 137 creatures vanquished

Notes
Turn   | Place    | Note
-------+----------+-------------------------------------------
     0 | D:1      | ders the Djinni Conjurer began the quest for the Orb.
     0 | D:1      | Reached XP level 1. HP: 15/15 MP: 0/0
   217 | D:1      | Reached XP level 2. HP: 19/21 MP: 0/0
   461 | D:1      | Found a faded altar of an unknown god.
   814 | D:1      | Reached XP level 3. HP: 21/25 MP: 0/0
   814 | D:1      | Learned a level 1 spell: Shock
   918 | D:1      | Reached skill level 4 in Spellcasting
  1218 | D:2      | Noticed Robin
  1413 | D:2      | Killed Robin
  1423 | D:2      | Reached XP level 4. HP: 6/31 MP: 0/0
  2533 | D:2      | Found Ziecorr's Antique Weapon Shop.
  2538 | D:2      | Reached XP level 5. HP: 34/35 MP: 0/0
  2538 | D:2      | Learned a level 2 spell: Scorch
  2905 | D:3      | Found a sacrificial altar of Ru.
  2961 | D:3      | Reached skill level 5 in Spellcasting
  3144 | D:3      | Found a glowing silver altar of Zin.
  3333 | D:3      | Reached XP level 6. HP: 37/40 MP: 0/0
  3796 | D:3      | You are sucked into a shaft and drop 2 floors!
  3796 | D:5      | Entered Level 5 of the Dungeon
  4214 | D:4      | Reached skill level 6 in Spellcasting
  4283 | D:4      | Reached XP level 7. HP: 16/45 MP: 0/0
  4283 | D:4      | Learned a level 3 spell: Tukima's Dance
  4806 | D:4      | Found a broken altar of Ashenzari.
  4836 | D:4      | Became a worshipper of Ashenzari the Shackled
  5418 | D:4      | Found a burning altar of Makhleb.
  5427 | D:4      | Reached skill level 7 in Spellcasting
  5621 | D:5      | Reached XP level 8. HP: 1/50 MP: 0/0
  5638 | D:5      | Killed from afar by an orc priest

Illustrated notes

Levels and vault maps discovered:
D:1:      minmay_arrival_pointy, layout_basic,
          shapermc_ecumenical_altar_acropolis, corexii_corridor_pit
D:2:      minmay_razor_zed, layout_rooms, serial_shops,
          nicolae_shop_overgrown_old_shop, uniq_robin
D:3:      layout_basic, mainiacjoe_overflow_24_doors, nicolae_ru_awakened_eye
D:4:      layout_basic, kennysheep_mini, mainiacjoe_overflow_chevrons
D:5:      layout_cave_pools, mainiacjoe_overflow_surrounded_room,
          nicolae_uskayaw_dance_hall, minmay_joined_circles

Skill      XL: |  1  2  3  4  5  6  7 |
---------------+----------------------+-----
Spellcasting   | 4 5 6 7 |  7.6
Dodging        | |  2.1
Stealth        | |  1.5

Action                   |  1- 3 |  4- 6 |  7- 9 || total
-------------------------+-------+-------+-------++-------
 Cast: Magic Dart        |    61 |   115 |    40 ||   216
       Searing Ray       |     8 |    15 |     7 ||    30
       Iskenderun's Myst |       |     2 |     6 ||     8
       Fulminant Prism   |       |     4 |     3 ||     7
       Scorch            |       |       |     3 ||     3
  Use: Potion            |       |       |     5 ||     5
Armor: Robe              |     2 |     4 |     3 ||     9
Dodge: Dodged            |    11 |    11 |     7 ||    29

Table legend: (Time is in decaauts)
 A = Elapsed time spent in this place.
 B = Non-inter-level travel time spent in this place.
 C = Inter-level travel time spent in this place.
 D = Time resting spent in this place.
 E = Time spent auto-exploring this place.
 F = Levels seen in this place.
 G = Mean time per level.
                   A        B        C        D        E       F      G
               +--------+--------+--------+--------+--------+-----+--------+
         Total |   5633 |   5472 |    161 |    997 |   3880 |   5 | 1126.6 |
       Dungeon |   5633 |   5472 |    161 |    997 |   3880 |   5 | 1126.6 |
               +--------+--------+--------+--------+--------+-----+--------+

Top non-repeatable levels by time:
     D:1: 1608 daAuts
     D:4: 1309 daAuts
     D:2: 1264 daAuts
     D:3: 1012 daAuts
     D:5: 437 daAuts
